 Dungeon Crawl Stone Soup version 0.30-a0-879-ga8ba668304 (webtiles) character file.

Game seed: 1184087082474097558

3418 retardedninja the Protected (level 9, -20/71 (74) HPs)
             Began as an Armataur Fighter on Mar 13, 2023.
             Was a Follower of Hepliaklqana.
             Demolished by a two-headed ogre
             ... wielding a +0 giant spiked club
              (24 damage)
             ... on level 8 of the Dungeon.
             The game lasted 00:11:22 (7544 turns).

retardedninja the Protected (Armataur Fighter)      Turns: 7544, Time: 00:11:22

HP:   -20/71 (74)   AC: 15    Str: 25    XL:     9   Next: 76%
MP:   7/9           EV:  5    Int:  8    God:    Hepliaklqana [*.....]
Gold: 441           SH:  5    Dex: 11    Spells: 8/8 levels left

rFire   + . .      SeeInvis .    a - +2 war axe (chaos)
rCold   . . .      Faith    .    c - +0 buckler
rNeg    . . .      Spirit   .    u - +0 plate armour
rPois   +          Reflect  .    s - +0 helmet
rElec   .          Roll     +    h - +0 cloak
rCorr   .                        (no gloves)
Will    .....                    (no barding) Stlth
                                 (no amulet)
HPRegen 0.31/turn                j - ring of poison resistance
MPRegen 0.11/turn                (no ring)

@: lightly drained, unable to read, unable to drink
A: reduced essence, large, rugged brown scales 3, deformed body, armoured tail,
roll, long tongue, awkward tongue, fire resistance 1, mutation resistance 1,
shaggy fur 1, wild magic 1, inability to drink after injury 1, inability to read
after injury 1
a: Renounce Religion, Recall Ancestor, Ancestor Identity


You were on level 8 of the Dungeon.
You worshipped Hepliaklqana.
Hepliaklqana was aware of your devotion.
You visited 2 branches of the dungeon, and saw 9 of its levels.
You also visited: Sewer.

You collected 441 gold pieces.

Inventory:

Hand Weapons
 a - a +2 war axe of chaos (weapon)
Armour
 c - a +0 buckler (worn)
 h - a +0 cloak (worn)
 s - a +0 helmet (worn)
 u - a +0 plate armour (worn)
Jewellery
 j - a ring of poison resistance (left hand)
 w - a ring of magical power
Wands
 b - a wand of paralysis (1)
 m - a wand of flame (14)
 A - a wand of mindburst (33)
 B - a wand of iceblast (4)
Scrolls
 g - a scroll of teleportation {unknown}
 k - a scroll of fog
 n - a scroll of silence {unknown}
 r - 3 scrolls of poison
 v - a scroll of immolation {unknown}
 y - a scroll of acquirement {unknown}
Potions
 d - 3 potions of might
 e - a potion of heal wounds
 f - a potion of brilliance {unknown}
 o - a potion of experience {unknown}
 q - 2 potions of cancellation {unknown}
 t - 3 potions of curing {unknown}


   Skills:
 + Level 6.3 Fighting
 * Level 7.5 Axes
 + Level 8.4 Armour
 + Level 7.6 Shields


You had 8 spell levels left.
You didn't know any spells.
Your spell library contained the following spells:

 Spells                   Type           Power      Damage    Failure   Level
 Shock                    Conj/Air       0%         1d3       100%        1
 Call Canine Familiar     Summ           0%         N/A       100%        3
 Gell's Gravitas          Tloc           0%         N/A       100%        3
 Portal Projectile        Hex/Tloc       0%         N/A       100%        3
 Swiftness                Air            0%         N/A       100%        3
 Teleport Other           Tloc           0%         N/A       100%        3
 Airstrike                Air            0%         2d(0-16)  100%        4
 Leda's Liquefaction      Hex/Erth       0%         N/A       100%        4
 Dispersal                Tloc           0%         N/A       100%        6


Dungeon Overview and Level Annotations

Branches:
Dungeon (8/15)             Temple (1/1) D:6           Sewer (visited)
   Lair: D:8-11

Altars:
Ashenzari
Cheibriados
Dithmenos
Elyvilon
Fedhas
Gozag
Hepliaklqana
Kikubaaqudgha
Makhleb
Nemelex Xobeh
Okawaru
Qazlal
Sif Muna
Trog
Uskayaw
Vehumet
Xom
Yredelemnul
The Shining One

Shops:
D:8 (


Innate Abilities, Weirdness & Mutations

Your life essence is reduced to manifest your ancestor. (-10% HP)
You are completely covered in rugged brown scales. (AC +3, +7% HP)
Armour fits poorly on your strangely shaped body.
You have a long armoured tail.
You roll when moving toward enemies. (Rampage)
Your long tongue fully drains potion bottles. (2x potion effects)
Your tongue gives you trouble enunciating. (1.5x scroll delay)
Your flesh is heat resistant. (rF+)
You are somewhat resistant to further mutation.
You are covered in fur. (AC +1)
Your spells are a little harder to cast, but a little more powerful.
You occasionally lose the ability to drink potions when taking damage.
You occasionally lose the ability to read scrolls when taking damage.


Message History

The water moccasin barely misses autistic kid.
Autistic kid hits the water moccasin!
The water moccasin bites autistic kid!
Your ice beast barely misses the two-headed ogre.
Your orc priest mumbles some strange prayers to Beogh against the two-headed ogre.
The two-headed ogre resists with significant effort.
Unknown command.
The water moccasin bites autistic kid.
Autistic kid hits the water moccasin.
Your orc priest barely misses the two-headed ogre.
Unknown command.
The water moccasin bites autistic kid!
You block the two-headed ogre's attack.
The two-headed ogre hits you with a +0 giant club!
Autistic kid barely misses the water moccasin.
The water moccasin bites autistic kid.
Your ice beast hits the two-headed ogre.
Your ice beast freezes the two-headed ogre!
Your orc priest hits the two-headed ogre with a +0 whip.
You hit the two-headed ogre.
The two-headed ogre suddenly seems more resistant.
The two-headed ogre is severely wounded.
The water moccasin misses autistic kid.
Autistic kid hits the water moccasin!
The two-headed ogre hits you with a +0 giant spiked club!
You feel threatened and lose the ability to read scrolls!
You feel threatened and lose the ability to drink potions!
* * * LOW HITPOINT WARNING * * *
The two-headed ogre hits you with a +0 giant club!
* * * LOW HITPOINT WARNING * * *
Your ice beast hits the two-headed ogre.
Your ice beast freezes the two-headed ogre.
The two-headed ogre resists.
Your orc priest hits the two-headed ogre but does no damage.
Unknown command.
You barely miss the two-headed ogre.
The two-headed ogre is severely wounded.
The water moccasin bites autistic kid.
Autistic kid hits the water moccasin but does no damage.
Your ice beast hits the two-headed ogre but does no damage.
The water moccasin barely misses autistic kid.
Your orc priest barely misses the two-headed ogre.
The two-headed ogre hits you with a +0 giant spiked club!!
You die...

#### ##....
#.....$
##...... #.....
######''####..
#.'.@OYoRS.'..
#.####o.####..
#.............
...#
##...#........
#...
##..##........
#...
##..#######....
#...###...#
#### ###
#...#...##
...##......##


You could see the friendly autistic kid the ancestor, a two-headed ogre
(resistant, ally target), a water moccasin (ally target), a friendly ice beast
(summoned), a friendly orc priest (summoned) and a friendly orc (summoned).

Vanquished Creatures
  Pikel (D:6)
  Sigmund (D:6)
  2 water moccasins
  2 sky beasts
  An ogre (D:6)
  A centaur (D:4)
  A lemure (D:6)
  A phantom (D:5)
  2 kobold brigands
  Blork the orc (D:6)
  3 scorpions
  11 wights
  2 howler monkeys (D:5)
  3 hounds
  An iron imp (D:7)
  A jelly (D:6)
  An orc priest (D:6)
  2 sleepcaps
  4 iguanas
  Jessica (D:2)
  Natasha (thrice) (D:2)
  7 orc wizards
  Robin (D:3)
  7 gnolls
  7 adders
  A white imp (D:4)
  An ufetubus (D:5)
  2 worms (D:4)
  A dart slug (D:3)
  19 orcs
  8 bats
  13 endoplasms
  4 giant cockroaches
  8 goblins
  10 hobgoblins
  10 jackals
  5 quokkas
  6 ball pythons
  2 frilled lizards
  16 kobolds
  3 rats
176 creatures vanquished.

Vanquished Creatures (collateral kills)
  A troll (D:8)
  2 kobolds (D:8)
3 creatures vanquished.

Vanquished Creatures (others)
  2 plants (D:4)
2 creatures vanquished.

Grand Total: 181 creatures vanquished

Notes
Turn   | Place    | Note
-------+----------+-------------------------------------------
     0 | D:1      | retardedninja the Armataur Fighter began the quest for the
                  | Orb.
     0 | D:1      | Reached XP level 1. HP: 19/19 MP: 1/1
   127 | D:1      | Reached XP level 2. HP: 26/26 MP: 2/2
   219 | D:1      | Found a faded altar of an unknown god.
   838 | D:2      | Noticed Natasha
   843 | D:2      | Noticed a crimson imp
   843 | D:2      | Killed Natasha
   844 | D:2      | Reached skill level 4 in Armour
   844 | D:2      | Reached XP level 3. HP: 33/33 MP: 3/3
   963 | D:2      | Noticed Jessica
   969 | D:2      | Killed Jessica
   970 | D:2      | Reached XP level 4. HP: 16/40 MP: 4/4
  1279 | D:2      | Noticed Natasha
  1288 | D:2      | Gained mutation: Your tail ends in a venomous barb. [potion
                  | of mutation]
  1288 | D:2      | Gained mutation: You are frail. (-10% HP) [potion of
                  | mutation]
  1288 | D:2      | Gained mutation: Your spells are a little harder to cast,
                  | but a little more powerful. [potion of mutation]
  1288 | D:2      | Gained mutation: You have a pair of small horns on your
                  | head. [potion of mutation]
  1288 | D:2      | Gained mutation: You are somewhat resistant to further
                  | mutation. [potion of mutation]
  1291 | D:2      | Killed Natasha
  1392 | D:2      | Noticed Natasha
  1403 | D:2      | Killed Natasha
  1587 | D:2      | Lost mutation: You are frail. (-10% HP) [potion of
                  | mutation]
  1587 | D:2      | Lost mutation: Your spells are a little harder to cast, but
                  | a little more powerful. [potion of mutation]
  1587 | D:2      | Lost mutation: You have a pair of small horns on your head.
                  | [potion of mutation]
  1587 | D:2      | Lost mutation: You are somewhat resistant to further
                  | mutation. [potion of mutation]
  1587 | D:2      | Lost mutation: Your tail ends in a venomous barb. [potion
                  | of mutation]
  1587 | D:2      | Gained mutation: Potions are less effective at restoring
                  | your health. [potion of mutation]
  1587 | D:2      | Gained mutation: You are occasionally teleported next to
                  | monsters. [potion of mutation]
  1587 | D:2      | Gained mutation: Your flesh is heat resistant. (rF+)
                  | [potion of mutation]
  1587 | D:2      | Gained mutation: You are frail. (-10% HP) [potion of
                  | mutation]
  1587 | D:2      | Gained mutation: Your tail ends in a venomous barb. [potion
                  | of mutation]
  1742 | D:2      | Reached XP level 5. HP: 40/43 MP: 5/5
  2205 | D:3      | Found a hazy altar of Hepliaklqana.
  2236 | D:3      | Found a shimmering altar of Xom.
  2239 | D:3      | Found a shimmering altar of Xom.
  2354 | D:3      | Noticed Robin
  2361 | D:3      | Killed Robin
  2617 | D:3      | Found a faded altar of an unknown god.
  2622 | D:3      | Found an iron altar of Okawaru.
  2780 | D:4      | Reached XP level 6. HP: 17/50 MP: 6/6
  2813 | D:4      | Reached skill level 5 in Armour
  3082 | D:4      | Found a glowing drain.
  3102 | Sewer    | Entered a sewer
  3155 | Sewer    | Noticed a water moccasin
  3178 | Sewer    | Killed a water moccasin
  3179 | Sewer    | Reached XP level 7. HP: 45/57 MP: 7/7
  3390 | D:4      | Reached skill level 5 in Shields
  3814 | D:4      | Found a white marble altar of Elyvilon.
  3866 | D:5      | Entered Level 5 of the Dungeon
  3969 | D:5      | Found a stormy altar of Qazlal.
  4150 | D:5      | Found a hide-covered altar of Uskayaw.
  4151 | D:5      | Found a basalt altar of Yredelemnul.
  4151 | D:5      | Found a burning altar of Makhleb.
  4152 | D:5      | Found a shimmering blue altar of Sif Muna.
  4354 | D:5      | Found a shadowy altar of Dithmenos.
  4359 | D:5      | Reached skill level 6 in Armour
  4370 | D:5      | Reached skill level 5 in Axes
  4370 | D:5      | Reached XP level 8. HP: 57/64 MP: 8/8
  4407 | D:5      | Lost mutation: Potions are less effective at restoring your
                  | health. [potion of mutation]
  4407 | D:5      | Lost mutation: Your tail ends in a venomous barb. [potion
                  | of mutation]
  4407 | D:5      | Lost mutation: You are occasionally teleported next to
                  | monsters. [potion of mutation]
  4407 | D:5      | Lost mutation: You are frail. (-10% HP) [potion of
                  | mutation]
  4407 | D:5      | Gained mutation: Your spells are a little harder to cast,
                  | but a little more powerful. [potion of mutation]
  4407 | D:5      | Gained mutation: You are covered in fur. (AC +1) [potion of
                  | mutation]
  4407 | D:5      | Gained mutation: You occasionally lose the ability to drink
                  | potions when taking damage. [potion of mutation]
  4407 | D:5      | Lost mutation: Your spells are a little harder to cast, but
                  | a little more powerful. [potion of mutation]
  4407 | D:5      | Gained mutation: You occasionally lose the ability to read
                  | scrolls when taking damage. [potion of mutation]
  4407 | D:5      | Gained mutation: Your spells are a little harder to cast,
                  | but a little more powerful. [potion of mutation]
  4407 | D:5      | Gained mutation: You are somewhat resistant to further
                  | mutation. [potion of mutation]
  4528 | D:3      | Became a worshipper of Hepliaklqana the Forgotten
  4942 | D:6      | Found a staircase to the Ecumenical Temple.
  4944 | D:6      | Noticed Pikel
  4954 | D:6      | Killed Pikel
  4955 | D:6      | Reached skill level 5 in Fighting
  4955 | D:6      | Reached skill level 7 in Armour
  5088 | Temple   | Entered the Ecumenical Temple
  5307 | D:6      | Noticed Sigmund
  5315 | D:6      | Killed Sigmund
  5316 | D:6      | Reached XP level 9. HP: 71/79 MP: 9/9
  5500 | D:6      | Noticed Blork the orc
  5503 | D:6      | Killed Blork the orc
  6181 | D:7      | Reached skill level 8 in Armour
  6383 | D:7      | Reached * piety under Hepliaklqana
  6479 | D:7      | Found a broken altar of Ashenzari.
  6656 | D:7      | Found a snail-covered altar of Cheibriados.
  6924 | D:8      | Noticed a troll
  6937 | D:8      | Killed a troll
  7338 | D:8      | Found Webaolip's Weapon Shop.
  7343 | D:8      | Noticed a two-headed ogre
  7544 | D:8      | Demolished by a two-headed ogre

Illustrated notes

Levels and vault maps discovered:
D:1:      heliophobic_arrival_enchanted_forest, layout_loops_ring,
          hellmonk_ecumenical_altar_crossroads, due_unseen_surprise
D:2:      layout_loops_cross, uniq_natasha, uniq_jessica
D:3:      minmay_angry_zag, layout_rooms, mainiacjoe_overflow_catwalk,
          xom_redecorated, nicolae_overflow_ecumenical_swirl, corner_web_ring,
          uniq_robin
D:4:      layout_cave_pools, nicolae_elyvilon_temple_path,
          cheibrodos_sewer_entry_sluice, minmay_tree_intersection,
          minmay_a_box_with_orc_wizards_in_it
D:5:      layout_gridville, kennysheep_little_box, mainiacjoe_overflow_alcove_3,
          hangedman_decor_diamond_cutter, minmay_ruined_shrine
D:6:      layout_loops_ring, minmay_temple_entry_antechambers,
          uniq_blork_the_orc, uniq_sigmund, uniq_pikel
D:7:      layout_loops_ring, mainiacjoe_overflow_surrounded_room,
          chei_slow_surprise
D:8:      layout_cave_pods, nicolae_ru_great_annihilating_truth, serial_shops,
          nicolae_shop_hallway_stairs, nicolae_two_hexagons, uniq_maurice,
          uniq_psyche
Temple:   hellmonk_temple_flake

Skill      XL: |  1  2  3  4  5  6  7  8  9 |
---------------+----------------------------+-----
Fighting       | 3 4 5 6 |  6.3
Axes           | 2 3 4 5 6 7 |  7.5
Armour         | 4 5 6 7 8 |  8.4
Shields        | 4 5 6 7 |  7.6

Action                     |  1- 3 |  4- 6 |  7- 9 || total
---------------------------+-------+-------+-------++-------
  Melee: War axe           |    57 |   176 |   231 ||   464
         Tailslap          |     4 |    11 |    28 ||    43
         Headbutt          |       |     1 |       ||     1
 Invoke: Ancestor Identity |       |       |     2 ||     2
         Recall Ancestor   |       |       |     1 ||     1
  Evoke: Wand              |       |     3 |     1 ||     4
    Use: Potion            |       |     6 |     2 ||     8
         Scroll            |       |     3 |    10 ||    13
 Armour: Scale mail        |    25 |    48 |       ||    73
         Plate armour      |       |    82 |   175 ||   257
  Dodge: Dodged            |    20 |    56 |    52 ||   128
  Block: Buckler           |     9 |    39 |    51 ||    99

Table legend: (Time is in decaauts)
 A = Elapsed time spent in this place.
 B = Non-inter-level travel time spent in this place.
 C = Inter-level travel time spent in this place.
 D = Time resting spent in this place.
 E = Time spent auto-exploring this place.
 F = Levels seen in this place.
 G = Mean time per level.
                   A        B        C        D        E       F      G
               +--------+--------+--------+--------+--------+-----+--------+
         Total |   7702 |   7332 |    370 |   1867 |   4252 |  10 |  770.2 |
       Dungeon |   7333 |   6973 |    360 |   1789 |   4051 |   8 |  916.6 |
        Temple |    152 |    142 |     10 |      0 |    134 |   1 |  152.0 |
         Sewer |    216 |    216 |      0 |     78 |     67 |   1 |  216.0 |
               +--------+--------+--------+--------+--------+-----+--------+

Top non-repeatable levels by time:
     D:2: 1293 daAuts
     D:6: 1127 daAuts
     D:7: 1009 daAuts
     D:4: 988 daAuts
     D:1: 856 daAuts
     D:5: 800 daAuts
     D:3: 698 daAuts
     D:8: 558 daAuts
   Sewer: 216 daAuts
  Temple: 152 daAuts
